[Event "Manhem Chess Week-GM 2019"]
[Site "Moelnlycke"]
[Date "2019.08.14"]
[Round "7.5"]
[White "Ahlander, Bjorn"]
[Black "Haubro, Martin"]
[Result "1/2-1/2"]
[ECO "D94"]
[WhiteElo "2391"]
[BlackElo "2356"]
[Annotator "NA"]
[PlyCount "73"]
[EventDate "2019.08.10"]
[EventType "tourn"]
[EventCountry "SWE"]
[SourceTitle "playchess.com"]
[Source "ChessBase"]
[SourceQuality "1"]
[TimeControl "40/5400+30:1800+30"]

1. d4 Nf6 2. c4 c5 3. e3 cxd4 4. exd4 d5 5. Nc3 g6 6. Nf3 Bg7 7. Be2 O-O 8. O-O Nc6 9. h3 Bf5 10. a3 dxc4 11. Bxc4 Ne4 12. Be3 Rc8 13. Ba2 Nxc3 14. bxc3 Na5 15. Rc1 Nc4 16. Qe2 Be6 17. Bg5 Re8 18. Rfe1 Qa5 19. Bxc4 Bxc4 20. Qd2 Bd5 21. c4 Qxd2 22. Nxd2 f6 23. cxd5 fxg5 24. Rxc8 Rxc8 25. Rxe7 Bxd4 26. d6 Kf8 27. Nf3 Rc1+ 28. Kh2 Bc5 29. Rxb7 Bxd6+ 30. g3 Rc2 31. Nxg5 Rxf2+ 32. Kg1 Ra2 33. Nxh7+ Kg8 34. Nf6+ Kf8 35. Nh7+ Kg8 36. Nf6+ Kf8 37. Nh7+ 1/2-1/2